 Dungeon Crawl Stone Soup version 0.31.0-9-g3a7656b989 (webtiles) character file.

Game seed: 8629341407650960535

113 qw the Skirmisher (level 4, 0/25 HPs)
             Began as a Deep Elf Hunter on Feb 2, 2024.
             Slain by a gnoll
             ... wielding a +0 flail
              (2 damage)
             ... on level 3 of the Dungeon.
             The game lasted 00:00:06 (1574 turns).

qw the Skirmisher (Deep Elf Hunter)                 Turns: 1574, Time: 00:00:06

Health: 0/25       AC:  4    Str: 16    XL:     4   Next: 65%
Magic:  6/6        EV: 12    Int: 14    God:
Gold:   36         SH:  0    Dex: 18    Spells: 3/3 levels left

rFire   . . .        a - +0 shortbow
rCold   . . .        (shield currently unavailable)
rNeg    . . .        c - +0 leather armour
rPois   .            (no helmet)
rElec   .            (no cloak)
rCorr   .            (no gloves)
SInv    .            f - +0 pair of boots
Will    .....        (no amulet)
Stlth   ++           h - +6 ring of strength
HPRegen 0.24/turn    (no ring)
MPRegen 0.10/turn

%: no passive effects
@: about to teleport
A: no striking features
a: no special abilities


You were on level 3 of the Dungeon.
You visited 1 branch of the dungeon, and saw 3 of its levels.

You collected 91 gold pieces.
You spent 55 gold pieces at shops.


   Skills:
 - Level 1.5 Fighting
 - Level 8.1 Ranged Weapons
 + Level 2.4 Dodging
 - Level 1.2 Stealth


You had 3 spell levels left.
You didn't know any spells.
Your spell library was empty.

Inventory:

Hand Weapons
 a - a +0 shortbow (weapon)
Armour
 c - a +0 leather armour (worn)
 f - a +0 pair of boots (worn)
Jewellery
 h - a +6 ring of strength (left hand)
Scrolls
 b - 2 scrolls of identify
Potions
 d - 3 potions of heal wounds
 g - a potion of might {unknown}
 i - a potion of curing {unknown}

Dungeon Overview and Level Annotations

Branches:
Dungeon (3/15)

Altars:

Shops:
D:2 *


Message History

The gnoll moves out of view.
A gnoll comes into view. It is wielding a +0 whip.
You shoot an arrow. The gnoll shouts!
The arrow hits the gnoll!
The gnoll is almost dead.
You shoot an arrow. The arrow hits the gnoll.
You kill the gnoll!
A gnoll comes into view. It is wielding a +0 flail.
You shoot an arrow. The gnoll shouts!
The arrow hits the gnoll.
The gnoll is lightly wounded.
You shoot an arrow. The arrow hits the gnoll.
The gnoll is lightly wounded.
You shoot an arrow. The arrow closely misses the gnoll.
You shoot an arrow. The arrow closely misses the gnoll.
The gnoll closely misses you.
You shoot an arrow. The arrow hits the gnoll.
The gnoll is lightly wounded.
The gnoll misses you. The gnoll hits you with a +0 whip.
You shoot an arrow. The arrow hits the gnoll.
The gnoll is heavily wounded.
The gnoll hits you from afar with a +0 spear.
The gnoll hits you with a +0 whip.
You shoot an arrow. The arrow barely misses the gnoll. x2
The gnoll closely misses you. The gnoll misses you.
The gnoll hits you with a +0 whip.
You shoot an arrow. The arrow hits the gnoll!
You kill the gnoll!
The gnoll barely misses you. The gnoll hits you with a +0 flail.
Your Ranged Weapons skill increases to level 8!
You shoot an arrow. The arrow hits the gnoll!
The gnoll is severely wounded.
The gnoll hits you but does no damage. The gnoll hits you with a +0 flail!
1574 ||| READING scroll of teleportation.
As you read the scroll of teleportation, it crumbles to dust.
You feel strangely unstable. The gnoll closely misses you.
The gnoll hits you with a +0 flail.
You die...

.#.#.#.....##.......#
.#.#.##.#..##.......#
.#.#.#..............#
.#.#.#..##..#......[####
.#.#....................
.#.#.#..#.....##.#######
##.........#####.#.....#
#.........#.......#
#.........#.###@###
#...##.#..# #)g......
#... #.#..# #g.####..
#.. #.#..# #..# #..#
.).. .... .....


You could see 2 gnolls.

Vanquished Creatures
  An orc priest (D:3)
  2 gnolls (D:3)
  6 orcs (D:3)
  2 endoplasms
  2 giant cockroaches (D:1)
  8 goblins
  4 hobgoblins
  6 jackals
  5 ball pythons
  5 bats
  4 frilled lizards (D:1)
  5 kobolds
  3 rats
53 creatures vanquished.

Notes
Turn   | Place    | Note
-------+----------+-------------------------------------------
     0 | D:1      | qw the Deep Elf Hunter began the quest for the Orb.
     0 | D:1      | Reached XP level 1. HP: 12/12 MP: 3/3
     0 | D:1      | 0 ||| qw: Version: 0.3-a-155-g5e7d8dd
     0 | D:1      | 0 ||| qw: Game counter: 571
     0 | D:1      | 0 ||| qw: Melee chars always use a shield: true
     0 | D:1      | 0 ||| qw: God list: Okawaru
     0 | D:1      | 0 ||| qw: Allow faded altars: false
     0 | D:1      | 0 ||| qw: Do Orc after clearing Dungeon:15 true
     0 | D:1      | 0 ||| qw: Do second Lair branch before Depths: true
     0 | D:1      | 0 ||| qw: Lair rune preference: random
     0 | D:1      | 0 ||| qw: Goals: Normal
     0 | D:1      | 0 ||| PLANNING D:1-11
   131 | D:1      | Reached XP level 2. HP: 16/16 MP: 4/4
   140 | D:1      | Reached skill level 6 in Ranged Weapons
   520 | D:1      | Reached XP level 3. HP: 20/20 MP: 5/5
   848 | D:1      | 848 ||| UPGRADING to +6 ring of strength.
   849 | D:1      | 849 ||| READING scroll labelled FAEQEPU EROBB.
   849 | D:1      | 849 ||| IDENTIFYING clear potion
   850 | D:1      | 850 ||| DROPPING scroll of butterflies.
   933 | D:2      | Found Jemuy's General Store.
   956 | D:2      | 956 ||| BUYING potion of heal wounds (55 gold).
   956 | D:2      | Bought a potion of heal wounds for 55 gold pieces
   956 | D:2      | 956 ||| SHOPLISTING scroll of teleportation (33 gold, have
                  | 4).
   956 | D:2      | 956 ||| SHOPLISTING wand of paralysis (7) (184 gold, have
                  | 4).
  1094 | D:2      | You fall into a shaft and drop 1 floor!
  1095 | D:3      | 1095 ||| UPGRADING to +0 pair of boots.
  1100 | D:3      | 1100 ||| READING scroll of identify.
  1100 | D:3      | 1100 ||| IDENTIFYING fizzy yellow potion
  1101 | D:3      | 1101 ||| READING 2 scrolls labelled ISAEVUPSUY.
  1105 | D:3      | 1105 ||| READING scroll labelled CAECKI NOOMAIL.
  1106 | D:3      | 1106 ||| DROPPING potion of magic.
  1186 | D:2      | Reached skill level 7 in Ranged Weapons
  1460 | D:3      | Reached XP level 4. HP: 10/25 MP: 6/6
  1573 | D:3      | Reached skill level 8 in Ranged Weapons
  1573 | D:3      | HP: 1/25 [gnoll/+0 flail (7)]
  1574 | D:3      | 1574 ||| READING scroll of teleportation.
  1574 | D:3      | Slain by a gnoll

Levels and vault maps discovered:
D:1:      dpeg_arrival_boxes_within_box, layout_basic
D:2:      layout_rooms, serial_shops, nicolae_shop_crystal
D:3:      layout_basic, nicolae_overflow_hidden_temple,
          hangedman_decor_opposing, uniq_natasha, uniq_terence, uniq_sigmund

Skill      XL: |  1  2  3  4 |
---------------+-------------+-----
Ranged Weapons | 6 7 8 |  8.1
Fighting       | |  1.5
Dodging        | |  2.4
Stealth        | |  1.2

Action                     |  1- 3 |  4- 6 || total
---------------------------+-------+-------++-------
   Fire: Shortbow          |   129 |    11 ||   140
    Use: Scroll            |     4 |     1 ||     5
 Armour: Leather armour    |    15 |     8 ||    23
  Dodge: Dodged            |    19 |     6 ||    25

Table legend:
 A = Non-vault XP
 B = Vault XP
 C = Vault XP percentage of total XP
 D = Non-vault monster count
 E = Vault monster count
 F = Vault count percentage of total count
                 A         B        C        D         E       F
            +---------+---------+-------+---------+---------+-------
      Total |     162 |       0 |   0.0 |      53 |       0 |   0.0
            +---------+---------+-------+---------+---------+-------
        D:1 |      49 |       0 |   0.0 |      30 |       0 |   0.0
        D:2 |      16 |       0 |   0.0 |       9 |       0 |   0.0
        D:3 |      97 |       0 |   0.0 |      14 |       0 |   0.0
            +---------+---------+-------+---------+---------+-------
